 Dungeon Crawl Stone Soup version 0.31-a0-1540-g5a0b83f448 (webtiles) character file.

Game seed: 17942885510991599223

548 bmb222 the Changeling (level 7, -12/69 HPs)
             Began as an Octopode Shapeshifter on Jan 1, 2024.
             Killed from afar by a steam dragon (13 damage)
             ... with a ball of steam
             ... on level 4 of the Dungeon.
             The game lasted 00:03:49 (3833 turns).

bmb222 the Changeling (Octopode Shapeshifter)       Turns: 3833, Time: 00:03:49

Health: -12/69     AC:  1    Str: 15    XL:     7   Next: 28%
Magic:  7/7        EV: 13    Int: 13    God:
Gold:   207        SH:  0    Dex: 11    Spells: 6/6 levels left

rFire   . .          .
                       - Unarmed
rCold   . . .        (no shield)
rNeg    . . .        (helmet currently unavailable)
rPois   .            e - amulet of the acrobat
rElec   .            (no ring)
rCorr   .            (no ring)
SInv    .            (no ring)
Will    .....        (no ring) Stlth
                     (no ring)
HPRegen 0.31/turn    (no ring)
MPRegen 0.10/turn    (no ring)
                     (no ring)

%: acrobat
@: brilliant, berserking, beast-form, attractive, very quick
A: beast (slay +2), almost no armour, amphibious, 8 rings, camouflage 1,
gelatinous body 1, (nimble swimmer 1), tentacles
a: Begin Untransformation


You were on level 4 of the Dungeon.
You were a hulking beast.
You visited 1 branch of the dungeon, and saw 4 of its levels.

You collected 207 gold pieces.

Inventory:

Hand Weapons
 s - a +0 short sword of venom
Armour
 r - a +2 hat
Jewellery
 e - an amulet of the acrobat (around mantle)
 z - a ring of fire
Talismans
 b - a beast talisman
 c - a flux talisman
Wands
 t - a wand of flame (10) (quivered)
Scrolls
 h - a scroll of immolation
 j - a scroll of blinking
Potions
 a - a potion of lignification
 d - a potion of ambrosia {unknown}
 f - a potion of haste {unknown}
 g - a potion of mutation {unknown}
 i - a potion of berserk rage
 k - 3 potions of brilliance
 o - a potion of attraction
 p - a potion of degeneration {unknown}
 u - a potion of magic {unknown}
 w - a potion of curing {unknown}
 x - a potion of cancellation {unknown}


   Skills:
 * Level 3.5 Fighting
 + Level 3.6 Dodging
 + Level 4.1 Stealth
 + Level 4.2 Unarmed Combat
 * Level 4.7 Shapeshifting


You had 6 spell levels left.
You didn't know any spells.
Your spell library contained the following spells:

 Spells                   Type           Power      Damage    Failure   Level
 Dazzling Flash           Conj/Hex       0%         N/A       67%         3
 Inner Flame              Hex/Fire       0%         N/A       67%         3
 Volatile Blastmotes      Fire/Tloc      0%         2d10      67%         3
 Irradiate                Conj/Alch      0%         3d11      100%        5
 Starburst                Conj/Fire      0%         6d3       100%        6
 Ignition                 Fire           0%         3d3       100%        8
 Maxwell's Capacitive Co  Air            0%         ∞         100%        8


Dungeon Overview and Level Annotations

Branches:
Dungeon (4/15)
 Temple: D:4-7

Altars:


Innate Abilities, Weirdness & Mutations

You are a hulking beast.
Your limbs bulge with bestial killing power. (Slay +2)
You cannot wear most types of armour.
You are amphibious.
You can wear up to eight rings at the same time.
Your skin changes colour to match your surroundings (Stealth+).
Your rubbery body absorbs attacks. (AC +1, EV +1)
((You are camouflaged when in or above water. (Stealth+)))
You have tentacles for arms and can constrict up to eight enemies at once.


Message History

The puff of flame hits the steam dragon.
The steam dragon is heavily wounded.
The steam dragon breathes steam at you. The ball of steam hits you!!
Ouch! That really hurt!
You are too injured to fight recklessly!
Okay, then.
It was a potion of brilliance.
You feel clever all of a sudden.
You closely miss the steam dragon. Your squeeze misses the steam dragon.
The steam dragon is heavily wounded.
The steam dragon bites you. The steam dragon misses you.
You tentacle-slap the steam dragon.
The steam dragon is heavily wounded.
The steam dragon breathes steam at you. The ball of steam hits you!
* * * LOW HITPOINT WARNING * * *
You closely miss the steam dragon.
The steam dragon is heavily wounded.
You are engulfed in a cloud of scalding steam.
* * * LOW HITPOINT WARNING * * *
The steam dragon bites you but does no damage.
The steam dragon completely misses you.
You barely miss the steam dragon.
The steam dragon is heavily wounded.
The steam dragon closely misses you. The steam dragon barely misses you.
It was a potion of attraction.
You feel attractive to monsters.
The steam dragon bites you but does no damage.
The steam dragon completely misses you.
It was a potion of berserk rage.
A red film seems to cover your vision as you go berserk!
You feel yourself moving faster!
You feel mighty! The steam dragon bites you.
* * * LOW HITPOINT WARNING * * *
The steam dragon barely misses you.
You bludgeon the steam dragon!
The steam dragon is almost dead.
The steam dragon breathes steam at you. The ball of steam hits you!
You die...

########### .....)....#
######
#######...####..... .
#####..###....#####..##
##..............h)....<.
........#####...D######.
..##.#### #.##### .....#
#.....# .##### ##..##.#
.# #...##.# ##########
#.#.##.#
.........###.#.##.#
.........##..#.##.#


You could see a steam dragon (catching breath).

Vanquished Creatures
  Menkaure (D:4)
  A black bear (D:4)
  2 ogres (D:4)
  2 hounds (D:4)
  4 adders
  5 orcs
  5 bats
  3 endoplasms
  4 giant cockroaches
  5 goblins
  8 hobgoblins
  9 jackals
  2 quokkas
  6 ball pythons
  3 frilled lizards (D:3)
  5 kobolds
  5 rats
70 creatures vanquished.

Notes
Turn   | Place    | Note
-------+----------+-------------------------------------------
     0 | D:1      | bmb222 the Octopode Shapeshifter began the quest for the
                  | Orb.
     0 | D:1      | Reached XP level 1. HP: 13/13 MP: 1/1
   231 | D:1      | Reached XP level 2. HP: 18/18 MP: 2/2
   433 | D:1      | Reached skill level 1 in Stealth
  1094 | D:2      | Reached XP level 3. HP: 14/23 MP: 3/3
  1766 | D:3      | Reached XP level 4. HP: 27/29 MP: 4/4
  2189 | D:3      | You fall into a shaft and drop 1 floor!
  2238 | D:4      | Reached XP level 5. HP: 31/34 MP: 5/5
  2261 | D:4      | Noticed an ogre
  2269 | D:4      | Killed an ogre
  2310 | D:4      | Reached XP level 6. HP: 38/41 MP: 6/6
  2385 | D:4      | Noticed a black bear
  3258 | D:4      | Killed a black bear
  3626 | D:4      | Noticed Menkaure
  3632 | D:4      | Killed Menkaure
  3633 | D:4      | Reached XP level 7. HP: 34/46 MP: 7/7
  3820 | D:4      | Noticed a steam dragon
  3828 | D:4      | HP: 1/46 [steam dragon] (2)]
  3833 | D:4      | Killed from afar by a steam dragon

Illustrated notes

Levels and vault maps discovered:
D:1:      minmay_arrival_glassed_features, layout_loops_cross
D:2:      layout_loops_corners
D:3:      layout_loops_cross, nicolae_twisty_statue_hallways
D:4:      layout_rooms, uniq_menkaure, uniq_edmund

Skill      XL: |  1  2  3  4  5  6  7 |
---------------+----------------------+-----
Stealth        | 1 2 3 4 |  4.1
Fighting       | 2 3 |  3.5
Dodging        | 3 |  3.6
Shapeshifting  | 4 |  4.7
Unarmed Combat | 4 |  4.2

Action                     |  1- 3 |  4- 6 |  7- 9 || total
---------------------------+-------+-------+-------++-------
  Melee: Unarmed           |    69 |    69 |     7 ||   145
         Constrict         |    15 |    15 |       ||    30
         Tentacles         |    14 |    14 |       ||    28
         Punch             |     2 |     1 |       ||     3
  Evoke: Wand              |       |       |     8 ||     8
    Use: Scroll            |       |     8 |       ||     8
         Potion            |       |     1 |     3 ||     4
   Stab: Sleeping          |    13 |     8 |       ||    21
 Armour: Skin              |    21 |    33 |     9 ||    63
  Dodge: Dodged            |    38 |    51 |     6 ||    95

Table legend: (Time is in decaauts)
 A = Elapsed time spent in this place.
 B = Non-inter-level travel time spent in this place.
 C = Inter-level travel time spent in this place.
 D = Time resting spent in this place.
 E = Time spent auto-exploring this place.
 F = Levels seen in this place.
 G = Mean time per level.
                   A        B        C        D        E       F      G
               +--------+--------+--------+--------+--------+-----+--------+
         Total |   3825 |   3726 |     99 |   1073 |   2111 |   4 |  956.2 |
       Dungeon |   3825 |   3726 |     99 |   1073 |   2111 |   4 |  956.2 |
               +--------+--------+--------+--------+--------+-----+--------+

Top non-repeatable levels by time:
     D:3: 1415 daAuts
     D:2: 948 daAuts
     D:4: 802 daAuts
     D:1: 658 daAuts
